 Dungeon Crawl Stone Soup version 0.28-a0-46-g7b1be97da7 (webtiles) character file.

Game seed: 5806055500280249771

140 Sin92 the Skirmisher (level 5, -1/41 HPs)
             Began as a Demonspawn Fighter on July 29, 2021.
             Slain by an orc (3 damage)
             ... on level 3 of the Dungeon.
             The game lasted 00:02:42 (2403 turns).

Sin92 the Skirmisher (Demonspawn Fighter)           Turns: 2403, Time: 00:02:43

Health: -1/41      AC:  9    Str: 18    XL:     5   Next: 2%
Magic:  5/5        EV:  5    Int:  9    God:
Gold:   76         SH:  0    Dex: 12    Spells: 4/4 levels left

rFire   . . .      SeeInvis .   a - +0 flail
rCold   . . .      Faith    .   c - +0 kite shield
rNeg    . . .      Spirit   .   s - +0 chain mail
rPois   .          Reflect  .   (helmet restricted)
rElec   .          Harm     .   (no cloak)
rCorr   .          Rampage  .   (no gloves)
Will    .....                   (no boots)
Stlth   ..........              m - amulet of regeneration
HPRegen 1.13/turn               (no ring)
MPRegen 0.18/turn               (no ring)

@: confused, brilliant, lethally poisoned (-1 -> -21)
A: antennae 1, magic regeneration
a: no special abilities


You were on level 3 of the Dungeon.
You visited 1 branch of the dungeon, and saw 3 of its levels.

You collected 76 gold pieces.

Inventory:

Hand Weapons
 a - a +0 flail (weapon)
Armour
 b - a +0 scale mail
 c - a +0 kite shield (worn)
 s - a +0 chain mail (worn)
Jewellery
 g - an amulet of guardian spirit
 m - an amulet of regeneration (around neck)
Scrolls
 l - a scroll of identify
 o - a scroll of fear
Potions
 d - 2 potions of might
 e - a potion of brilliance
 h - a potion of haste {unknown}
 i - a potion of degeneration {unknown}
 k - a potion of heal wounds
 q - a potion of attraction {unknown}
 r - a potion of flight {unknown}


   Skills:
 + Level 3.5 Fighting
 * Level 3.0 Maces & Flails
 + Level 3.2 Armour
 + Level 1.4 Dodging
 + Level 3.3 Shields


You had 4 spell levels left.
You didn't know any spells.
Your spell library contained the following spells:

 Spells                   Type           Power      Damage    Failure   Level
 Ensorcelled Hibernation  Hex/Ice        0%         N/A       100%        2
 Spider Form              Tmut/Pois      0%         N/A       100%        3
 Shadow Creatures         Summ           N/A        N/A       100%        6


Dungeon Overview and Level Annotations

Branches:
Dungeon (3/15)

Altars:

Annotations:
D:3 1 transporter, Spectrina's ghost, weakling DjWr


Innate Abilities, Weirdness & Mutations

You have a pair of small antennae on your head.
You regenerate magic rapidly.


Message History

You are confused.
The orc hits you but does no damage.
The kobold throws a poisoned dart.
The poisoned dart hits you!
You are more poisoned.
The orc hits you with a +0 dagger.
You're too confused to move!
You feel very sick. The orc hits you but does no damage.
Something hits you but does no damage.
The kobold throws a poisoned dart.
The poisoned dart hits you!
You are more poisoned.
The orc hits you but does no damage.
Unknown command.
You barely miss something.
You feel extremely sick.
The ball python bites you but does no damage.
The ball python barely misses you.
You hear some strange, mumbled words.
A magic dart appears from out of thin air!
The magic dart hits you.
* * * LOW HITPOINT WARNING * * *
The orc barely misses you. The orc hits you with a +0 dagger.
* * * LOW HITPOINT WARNING * * *
The orc wizard hits you with a +2 dagger of venom.
* * * LOW HITPOINT WARNING * * *
You are more poisoned.
The ball python bites you but does no damage.
The ball python barely misses you.
You miss the orc.
* * * LOW HITPOINT WARNING * * *
You feel extremely sick. Something hits you but does no damage.
The orc barely misses you.
The kobold throws a poisoned dart.
The poisoned dart hits you!
You are more poisoned.
The orc hits you but does no damage.
The orc wizard hits you but does no damage.
The ball python bites you but does no damage.
The ball python closely misses you.
An adder comes into view.
Something hits you but does no damage. The orc hits you with a +0 dagger.
You die...

..#######.# **,****,,,,,,,**
...## ##.##*******,.,,,,,,,,,,,,,
..#.###.#.......,,,.,,*,***,*****
..##...##.######**S#*,*,* *,* *
..#######.# *.#*,*,* *,* * ..#
#.# #####.#*,*,* *,* * ..# #.#
#.....#*,#,* *,* * ..## ##.##
#.....##.#.***,* *
©..#####..)###.S@o[....$,,,,* *
.........#.....o{o.##.##***** *
.#######...###..K..#*,* * .*
##.## ##..###*,** * .* #.#
#........* * .* #.#***##.####..*
* #* #..,,,,...,,,,,* * *
###****#.##***,* * *..,,,*,** *


You could see an orc wizard, an adder (wandering), 2 orcs, a ball python and a
kobold.

Vanquished Creatures
  An ogre (D:3)
  A worm (D:2)
  A dart slug (D:2)
  6 orcs
  3 endoplasms
  A goblin (D:2)
  9 jackals
  A quokka (D:1)
  7 ball pythons
  2 bats
  4 frilled lizards
  5 kobolds
  7 rats
48 creatures vanquished.

Notes
Turn   | Place    | Note
-------+----------+-------------------------------------------
     0 | D:1      | Sin92 the Demonspawn Fighter began the quest for the Orb.
     0 | D:1      | Reached XP level 1. HP: 18/18 MP: 1/1
   304 | D:1      | Gained mutation: You regenerate magic rapidly. [demonic
                  | ancestry]
   304 | D:1      | Reached XP level 2. HP: 24/24 MP: 2/2
   915 | D:1      | Found a faded altar of an unknown god.
  1246 | D:2      | Reached XP level 3. HP: 24/29 MP: 3/3
  1653 | D:2      | Reached skill level 1 in Dodging
  2265 | D:3      | Noticed an ogre
  2282 | D:3      | HP: 1/29 [ogre (28)]
  2285 | D:3      | Killed an ogre
  2286 | D:3      | Reached XP level 4. HP: 5/35 MP: 4/4
  2286 | D:3      | Gained mutation: You have a pair of small antennae on your
                  | head. [demonic ancestry]
  2286 | D:3      | Reached XP level 5. HP: 6/41 MP: 5/5
  2364 | D:3      | Found a transporter.
  2365 | D:3      | Noticed Spectrina's ghost (weakling DjWr)
  2403 | D:3      | HP: 2/41 [poisoned by an orc wizard]
  2403 | D:3      | Slain by an orc

Illustrated notes

Levels and vault maps discovered:
D:1:      lemuel_arrival_tunnels, layout_basic,
          dilly_ecumenical_altar_fadedgnrine
D:2:      layout_loops_ring, minmay_liquid_box, kennysheep_nondescript
D:3:      layout_loops_ring, nicolae_sif_muna_little_library,
          gammafunk_ghost_arena

Skill      XL: |  1  2  3 |
---------------+----------+-----
Maces & Flails | 2 3 |  3.0
Shields        | 3 |  3.3
Dodging        | 1 |  1.4
Armour         | 3 |  3.2
Fighting       | |  3.5

Action                   |  1- 3 |  4- 6 || total
-------------------------+-------+-------++-------
Melee: Flail             |   151 |    12 ||   163
  Use: Scroll            |     4 |     3 ||     7
       Potion            |     1 |     2 ||     3
Armor: Scale mail        |    96 |       ||    96
       Chain mail        |    20 |    25 ||    45
Dodge: Dodged            |    52 |     9 ||    61
Block: Kite shield       |   104 |     4 ||   108

Table legend: (Time is in decaauts)
 A = Elapsed time spent in this place.
 B = Non-inter-level travel time spent in this place.
 C = Inter-level travel time spent in this place.
 D = Time resting spent in this place.
 E = Time spent auto-exploring this place.
 F = Levels seen in this place.
 G = Mean time per level.
                   A        B        C        D        E       F      G
               +--------+--------+--------+--------+--------+-----+--------+
         Total |   2489 |   2384 |    105 |     49 |   1911 |   3 |  829.7 |
       Dungeon |   2489 |   2384 |    105 |     49 |   1911 |   3 |  829.7 |
               +--------+--------+--------+--------+--------+-----+--------+

Top non-repeatable levels by time:
     D:1: 1268 daAuts
     D:2: 1066 daAuts
     D:3: 154 daAuts
